 Dungeon Crawl Stone Soup version 0.21.1-1-g345015fe64 (webtiles) character file.

65 Anathary the Skirmisher (level 3, -1/29 HPs)
             Began as a Demonspawn Monk on June 13, 2018.
             Slain by plutoniumapex's ghost (6 damage)
             ... on level 3 of the Dungeon.
             The game lasted 00:09:21 (2217 turns).

Anathary the Skirmisher (Demonspawn Monk)           Turns: 2217, Time: 00:09:22

Health: -1/29      AC:  4    Str: 11    XL:     3   Next: 92%
Magic:  3/3        EV: 14    Int: 11    God:
Gold:   115        SH:  0    Dex: 16    Spells: 2/2 levels left

rFire    + . .     SeeInvis .   a - +0 hand axe
rCold    x . .     Gourm    .   (no shield)
rNeg     . . .     Faith    .   b - +0 robe
rPois    .         Spirit   .   (no helmet)
rElec    .         Reflect  .   (no cloak)
rCorr    .         Harm     .   (no gloves)
MR       .....                  (no boots)
Stlth    ++........             (no amulet)
HPRegen  0.09/turn              f - ring of fire
MPRegen  0.08/turn              (no ring)

@: no status effects
A: slimy green scales 1
a: no special abilities


You were on level 3 of the Dungeon.
You were not hungry.

You visited 1 branch of the dungeon, and saw 3 of its levels.

You collected 115 gold pieces.

Inventory:

Hand Weapons
 a - a +0 hand axe (weapon)
Armour
 b - a +0 robe (worn)
Jewellery
 f - a ring of fire (left hand)
Scrolls
 e - a scroll of remove curse {unknown}
 h - a scroll of teleportation {unknown}
 i - a scroll of magic mapping {unknown}
Potions
 d - a potion of lignification {unknown}
 g - a potion of flight {unknown}
 j - a potion of brilliance {unknown}
Comestibles
 c - 9 rations


   Skills:
 + Level 3.6 Fighting
 + Level 3.4 Axes
 + Level 3.2 Dodging
 + Level 2.0 Stealth


You had 2 spell levels left.
You didn't know any spells.

Dungeon Overview and Level Annotations

Branches:
Dungeon (3/15)

Altars:
Fedhas

Annotations:
D:3 plutoniumapex's ghost, amateur MiFi


Innate Abilities, Weirdness & Mutations

You are partially covered in slimy green scales. (AC +2)


Message History

j - a pink potion You now have 115 gold pieces (gained 17).
Plutoniumapex's ghost (amateur Minotaur Fighter) comes into view.
Found a ration.
Plutoniumapex's ghost turns its malevolent gaze towards you.
Found three items.
Plutoniumapex's ghost stares at you.
You hit plutoniumapex's ghost but do no damage.
Plutoniumapex's ghost hits you!
You hit plutoniumapex's ghost but do no damage.
Plutoniumapex's ghost barely misses you.
You hit plutoniumapex's ghost but do no damage.
Plutoniumapex's ghost completely misses you. x2
You hit plutoniumapex's ghost but do no damage.
Plutoniumapex's ghost hits you!
Ouch! That really hurt!
* * * LOW HITPOINT WARNING * * *
You hit plutoniumapex's ghost but do no damage.
Plutoniumapex's ghost hits you.
You die...

...............................
!............................#.
.......................[..##.#.
..%.......................##.#.
.....[....................##.#.
$.......................>.##.#(
.####.###.#..####....##.#.##.#.
...................##.#.##.#.
............W@.#....##.#.##.#.
#.........#..#..'....'.........
..###.###.#..####....#..#.##.##
.. ... #.#..# ######..#.##.##
##. ...... ........... .#
..#..## ###..#.##.## #..#..#
...#.##.## #..#..# ##.........
...#.##.#


You could see plutoniumapex's ghost.

Vanquished Creatures
  An adder (D:2)
  An ooze (D:1)
  2 worms (D:2)
  2 dart slugs
  2 leopard geckos
  2 ball pythons (D:1)
  A giant cockroach (D:3)
  5 goblins
  5 hobgoblins
  A quokka (D:2)
  4 bats
  3 frilled lizards
  7 kobolds
  4 rats
40 creatures vanquished.

Notes
Turn   | Place    | Note
-------+----------+-------------------------------------------
     0 | D:1      | Anathary the Demonspawn Monk began the quest for the Orb.
     0 | D:1      | Reached XP level 1. HP: 18/18 MP: 1/1
   275 | D:1      | Gained mutation: You are partially covered in slimy green scales. (AC +2) [demonic ancestry]
   275 | D:1      | Reached XP level 2. HP: 5/24 MP: 2/2
   744 | D:1      | Reached XP level 3. HP: 19/29 MP: 3/3
  1416 | D:2      | Found a blossoming altar of Fedhas.
  2202 | D:3      | Noticed plutoniumapex's ghost (amateur MiFi)
  2217 | D:3      | Slain by plutoniumapex's ghost

Skill      XL: |  1  2  3 |
---------------+----------+-----
Dodging        | 3 |  3.2
Axes           | 3 |  3.4
Stealth        | 2 |  2.0
Fighting       | |  3.6

Action                   || total
-------------------------++-------
Melee: Hand axe          ||   139
 Stab: Sleeping          ||     2
  Eat: Chunk             ||     4
Armor: Robe              ||    17
Dodge: Dodged            ||    82
